 Dungeon Crawl Stone Soup version 0.28-a0-1506-g3893175d92 (webtiles) character file.

Game seed: 15081965197116667797

69 HallandMoats the Skirmisher (level 4, -1/40 HPs)
             Began as a Ghoul Fighter on Jan 14, 2022.
             Slain by an adder (4 damage)
             ... on level 2 of the Dungeon.
             The game lasted 00:01:52 (1270 turns).

HallandMoats the Skirmisher (Ghoul Fighter)         Turns: 1270, Time: 00:01:52

Health: -1/40      AC:  8    Str: 19    XL:     4   Next: 20%
Magic:  3/3        EV:  9    Int:  5    God:
Gold:   103        SH:  4    Dex:  8    Spells: 3/3 levels left

rFire   . . .      SeeInvis .   a - +0 long sword
rCold   + . .      Faith    .   c - +0 buckler
rNeg    + + +      Spirit   .   b - +0 scale mail
rPois   ∞          Reflect  .   l - +1 helmet
rElec   .          Harm     .   (no cloak)
rCorr   .          Rampage  .   (no gloves)
Will    .....                   (no boots)
Stlth   ..........              (no amulet)
HPRegen 0.00/turn               (no ring)
MPRegen 0.08/turn               (no ring)

@: attractive, inhibited regen
A: claws 1, cold resistance 1, negative energy resistance 3, inhibited
regeneration, torment resistance 2
a: no special abilities


You were on level 2 of the Dungeon.
You visited 1 branch of the dungeon, and saw 2 of its levels.

You collected 103 gold pieces.

Inventory:

Hand Weapons
 a - a +0 long sword (weapon)
Armour
 b - a +0 scale mail (worn)
 c - a +0 buckler (worn)
 l - a +1 helmet (worn)
Jewellery
 e - a ring of flight
Scrolls
 f - a scroll of enchant armour {unknown}
 g - a scroll of torment {unknown}
 h - 3 scrolls of identify {unknown}
 n - a scroll of summoning {unknown}
Potions
 i - a potion of flight {unknown}
 k - a potion of lignification {unknown}
 m - a potion of heal wounds {unknown}


   Skills:
 * Level 3.9 Fighting
 * Level 2.5 Long Blades
 + Level 2.9 Armour
 + Level 0.7 Dodging
 * Level 3.2 Shields


You had 3 spell levels left.
You didn't know any spells.
Your spell library contained the following spells:

 Spells                   Type           Power      Damage    Failure   Level
 Magic Dart               Conj           0%         1d3       91%         1
 Searing Ray              Conj           0%         2d4       97%         2
 Dazzling Flash           Conj/Hex       0%         N/A       99%         3
 Gell's Gravitas          Tloc           0%         N/A       99%         3
 Teleport Other           Tloc           0%         N/A       99%         3
 Fulminant Prism          Conj/Hex       0%         3d6       100%        4
 Agony                    Necr           0%         N/A       100%        5
 Silence                  Hex/Air        0%         N/A       100%        5
 Dispersal                Tloc           0%         N/A       100%        6


Dungeon Overview and Level Annotations

Branches:
Dungeon (2/15)

Altars:


Innate Abilities, Weirdness & Mutations

You thrive by killing the living.
You are immune to poison.
You have sharp fingernails.
Your flesh is cold resistant. (rC+)
You are immune to negative energy. (rN+++)
You do not regenerate when monsters are visible.
You are immune to unholy pain and torment.


Message History

The kobold hits you with a +0 short sword.
* * * LOW HITPOINT WARNING * * *
The goblin hits you but does no damage.
You hit the goblin but do no damage. The kobold hits you but does no damage.
The goblin hits you but does no damage. The kobold hits you but does no damage.
You hit the goblin.
The goblin is heavily wounded.
A kobold comes into view. It is wielding a +0 short sword.
The goblin hits you but does no damage. The kobold hits you but does no damage.
The kobold shouts!
You see here 20 stones.
The goblin hits you with a +0 dagger.
* * * LOW HITPOINT WARNING * * *
You see here a +0 hunting sling.
You hit the goblin.
You kill the goblin!
You feel better. The kobold hits you but does no damage.
The kobold closely misses you. The kobold hits you but does no damage.
Items here: )) [ †.
The kobold closely misses you.
The kobold hits you with a +0 short sword.
* * * LOW HITPOINT WARNING * * *
A kobold comes into view. It is wielding a +0 dagger.
The kobold throws a stone.
The stone hits you.
* * * LOW HITPOINT WARNING * * *
A goblin comes into view. It is wielding a +0 dagger.
The goblin shouts!
The kobold hits you but does no damage. The goblin hits you but does no damage.
A ball python comes into view.
An adder comes into view.
The adder hisses angrily.
The goblin barely misses you.
You barely miss the adder. The adder barely misses you.
The goblin hits you but does no damage. The adder bites you but does no damage.
You are too injured to fight recklessly!
It was a potion of attraction.
You feel attractive to monsters. The adder bites you.
You die...

##. ..#.. ..
##...## .
##.#.#.##.##
.....g. ..#
###.#.####.#
##.......##.#
#)#.#.#.#|#S#
#(.K.K..†.#@#
#####.#####g#
#..# #K#
#.#### #K#
#....###S##
#....K..K.#
#<......#.#
##......#...
#......##..#


You could see an adder, a goblin, a ball python and 3 kobolds.

Vanquished Creatures
  2 adders (D:2)
  4 dart slugs
  5 endoplasms (D:1)
  2 giant cockroaches
  3 goblins
  6 hobgoblins
  3 jackals (D:1)
  3 quokkas
  2 bats (D:1)
  2 frilled lizards
  6 kobolds
  A rat (D:1)
39 creatures vanquished.

Notes
Turn   | Place    | Note
-------+----------+-------------------------------------------
     0 | D:1      | HallandMoats the Ghoul Fighter began the quest for the Orb.
     0 | D:1      | Reached XP level 1. HP: 19/19 MP: 0/0
   265 | D:1      | Reached XP level 2. HP: 22/26 MP: 1/1
   719 | D:1      | Reached XP level 3. HP: 33/33 MP: 2/2
  1198 | D:2      | Reached XP level 4. HP: 17/40 MP: 3/3
  1270 | D:2      | Slain by an adder

Illustrated notes

Levels and vault maps discovered:
D:1:      dpeg_arrival_refuge, layout_basic
D:2:      minmay_spotlight, layout_basic, hellmonk_ecumenical_altar_dog_temple,
          amcnicky_mini_pool_small

Skill      XL: |  1  2 |
---------------+-------+-----
Long Blades    | 2 |  2.5
Shields        | 3 |  3.2
Fighting       | |  3.9
Armour         | |  2.9
Dodging        | |  0.7

Action                   |  1- 3 |  4- 6 || total
-------------------------+-------+-------++-------
Melee: Long sword        |   118 |    24 ||   142
  Use: Potion            |       |     2 ||     2
Armor: Scale mail        |    74 |    24 ||    98
Dodge: Dodged            |    86 |    21 ||   107
Block: Buckler           |    28 |     2 ||    30

Table legend: (Time is in decaauts)
 A = Elapsed time spent in this place.
 B = Non-inter-level travel time spent in this place.
 C = Inter-level travel time spent in this place.
 D = Time resting spent in this place.
 E = Time spent auto-exploring this place.
 F = Levels seen in this place.
 G = Mean time per level.
                   A        B        C        D        E       F      G
               +--------+--------+--------+--------+--------+-----+--------+
         Total |   1317 |   1306 |     11 |      7 |    936 |   2 |  658.5 |
       Dungeon |   1317 |   1306 |     11 |      7 |    936 |   2 |  658.5 |
               +--------+--------+--------+--------+--------+-----+--------+

Top non-repeatable levels by time:
     D:1: 1051 daAuts
     D:2: 266 daAuts
